 Dungeon Sprint DCSS version 0.14-a0-291-gb04d185 (console) character file.

527 Dalvant the Arsonist (level 5, 0/29 HPs)
             Began as a Deep Elf Fire Elementalist on Oct 18, 2013.
             Slain by a hippogriff (5 damage)
             ... in the Dungeon (Sprint II: "The Violet Keep of Menkaure").
             The game lasted 00:01:38 (189 turns).

Dalvant the Arsonist (Deep Elf Fire Elementalist)    Turns: 189, Time: 00:01:39

HP   0/29        AC  2     Str  5      XL: 5   Next: 98%
MP   3/16        EV 13     Int 15 (21) God:
Gold 263         SH  0     Dex 15      Spells:  3 memorised,  1 level left

Res.Fire  : . . .   See Invis. : .   (no weapon)
Res.Cold  : . . .   Warding    : .   a - +0 elf robe
Life Prot.: . . .   Conserve   : .   (no shield)
Res.Poison: .       Res.Corr.  : .   (no helmet)
Res.Elec. : .       Clarity    : .   (no cloak)
Sust.Abil.: . .     Spirit.Shd : .   (no gloves)
Res.Mut.  : .       Prev.Telep.: +   (no boots)
Res.Rott. : .       Flight     : .   (no amulet)
Saprovore : . . .                    (no ring)
                                     (no ring)

@: very slightly contaminated, slightly resistant to hostile enchantments, quite
stealthy
A: no striking features
a: no special abilities


You were in the Dungeon.
You were not hungry.

You visited 1 branch You collected 243 gold pieces.

Inventory:

Armour
 a - a +0 elven robe (worn)
Comestibles
 c - a bread ration
Scrolls
 i - a scroll of blinking
Potions
 d - a potion of curing
 f - a potion of speed
 g - 2 potions of magic
Books
 b - a book of Flames

   Spells                             Type                      Level
   *Flame Tongue                      Conjuration/Fire             1
   Throw Flame                        Conjuration/Fire             2
   Conjure Flame                      Conjuration/Fire             3
   Inner Flame                        Hexes/Fire                   3
   *Sticky Flame                      Conjuration/Fire             4
   *Fireball                          Conjuration/Fire             5


   Skills:
 * Level 4.5 Fighting
 - Level 2.4 Dodging
 + Level 5.4 Stealth
 + Level 3.5 Spellcasting
 * Level 5.9 Conjurations
 + Level 9.7 Fire Magic


You had one spell level left.
You knew the following spells:

 Your Spells              Type           Power        Failure   Level  Hunger
a - Flame Tongue          Conj/Fire      ####.        1%          1    None
b - Fireball              Conj/Fire      ####......   24%         5    #####..
c - Sticky Flame          Conj/Fire      ####....     10%         4    ####...


Dungeon Overview and Level Annotations

Branches:
Dungeon (1/1)

Altars:


Message History

Aiming: Flame Tongue
Press: ? - help, Shift-Dir - straight line, f/p - hippogriff
Aim: a hippogriff (moderately wounded, covered in liquid flames)
The flame hits the hippogriff.
The hippogriff is heavily wounded.
The hippogriff burns!
The hippogriff closely misses you. The hippogriff pecks you.
The hippogriff claws you.
* * * LOW HITPOINT WARNING * * *
The hippogriff closely misses you. The hippogriff pecks you.
* * * LOW HITPOINT WARNING * * *
The hippogriff claws you but does no damage.
Casting: Flame Tongue
Confirm with . or Enter, or press ? or * to list all spells.
Aiming: Flame Tongue
Press: ? - help, Shift-Dir - straight line, f/p - hippogriff
Aim: a hippogriff (heavily wounded, covered in liquid flames)
The flame hits the hippogriff.
The hippogriff is severely wounded.
The hippogriff burns!
The hippogriff stops burning.
The hippogriff barely misses you. The hippogriff completely misses you.
The hippogriff closely misses you. The hippogriff misses you.
The hippogriff pecks you.
You die...

# ### #.
#+###.##
#.##<##.#.#
#'.<%%.##+
#.##<##HH#
#. #+###@#
# ###


You could see 2 hippogriffs.

Vanquished Creatures
  4 brain worms (D)
4 creatures vanquished.

Notes
Turn   | Place    | Note
--------------------------------------------------------------
     0 | D        | Dalvant, the Deep Elf Fire Elementalist, began the quest for the Orb.
     0 | D        | Reached XP level 1. HP: 10/10 MP: 4/4
     1 | D        | Noticed a hippogriff
     1 | D        | Noticed a hippogriff
     5 | D        | Noticed a brain worm
     5 | D        | Noticed a brain worm
     5 | D        | Noticed a brain worm
     5 | D        | Noticed a brain worm
    17 | D        | Killed a brain worm
    17 | D        | Reached skill level 6 in Fire Magic
    17 | D        | Reached XP level 2. HP: 15/15 MP: 0/7
    17 | D        | Reached XP level 3. HP: 20/20 MP: 0/9
    17 | D        | Reached XP level 4. HP: 24/24 MP: 0/12
    23 | D        | Killed a brain worm
    23 | D        | Reached skill level 8 in Fire Magic
    33 | D        | Learned a level 4 spell: Sticky Flame
    97 | D        | Killed a brain worm
    97 | D        | Reached skill level 5 in Stealth
    97 | D        | Reached skill level 5 in Conjurations
    97 | D        | Reached skill level 9 in Fire Magic
    97 | D        | Reached XP level 5. HP: 27/29 MP: 10/15
   104 | D        | Learned a level 5 spell: Fireball
   136 | D        | Killed a brain worm
   189 | D        | Slain by a hippogriff

Action                   |  1- 3 |  4- 6 || total
-------------------------+-------+-------++-------
Melee: Unarmed           |     2 |     6 ||     8
 Cast: Flame Tongue      |     4 |    14 ||    18
       Sticky Flame      |       |     1 ||     1
  Use: Potion            |     1 |     1 ||     2
